 Dungeon Crawl Stone Soup version 0.29-a0-517-gbdf32494f2 (webtiles) character file.

Game seed: 18357723351857831214

141 DocClef the Covert (level 5, 0/47 HPs)
             Began as a Gnoll Delver on May 30, 2022.
             Slain by an orc
             ... wielding a +0 trident
              (3 damage)
             ... on level 6 of the Dungeon.
             The game lasted 00:00:31 (233 turns).

DocClef the Covert (Gnoll Delver)                    Turns: 233, Time: 00:00:32

Health: 0/47       AC:  3    Str: 14    XL:     5   Next: 24%
Magic:  7/7        EV: 13    Int:  9    God:
Gold:   0          SH:  0    Dex: 13    Spells: 6/6 levels left

rFire   . . .      SeeInvis .   a - +0 short sword
rCold   . . .      Faith    .   (no shield)
rNeg    . . .      Spirit   .   b - +0 leather armour
rPois   .          Reflect  .   (no helmet)
rElec   .          Harm     .   (no cloak)
rCorr   .          Rampage  .   (no gloves)
Will    .....                   (no boots)
Stlth   ++++......              (no amulet)
HPRegen 0.15/turn               (no ring)
MPRegen 0.10/turn               (no ring)

@: no status effects
A: fangs 1, strong nose, distributed training
a: no special abilities


You were on level 6 of the Dungeon.
You visited 1 branch of the dungeon, and saw 2 of its levels.

Inventory:

Hand Weapons
 a - a +0 short sword (weapon)
Armour
 b - a +0 leather armour (worn)
Wands
 g - a wand of digging (3)
Scrolls
 c - a scroll of fog
 d - a scroll of magic mapping
 e - a scroll of fear
 h - a scroll of noise {unknown}
Potions
 f - a potion of haste


   Skills:
 + Level 6.7 Fighting
 + Level 4.7 Short Blades
 + Level 1.4 Long Blades
 + Level 1.4 Axes
 + Level 1.4 Maces & Flails
 + Level 1.4 Polearms
 + Level 1.4 Staves
 + Level 1.4 Slings
 + Level 1.4 Bows
 + Level 1.4 Crossbows
 + Level 1.4 Throwing
 + Level 1.4 Armour
 + Level 4.7 Dodging
 + Level 9.7 Stealth
 + Level 1.4 Shields
 + Level 1.4 Unarmed Combat
 + Level 1.4 Spellcasting
 + Level 1.1 Conjurations
 + Level 1.1 Hexes
 + Level 1.1 Summonings
 + Level 1.1 Necromancy
 + Level 1.1 Translocations
 + Level 1.1 Transmutations
 + Level 1.1 Fire Magic
 + Level 1.1 Ice Magic
 + Level 1.1 Air Magic
 + Level 1.1 Earth Magic
 + Level 1.1 Poison Magic
 + Level 1.6 Invocations
 + Level 1.4 Evocations


You had 6 spell levels left.
You didn't know any spells.
Your spell library was empty.

Dungeon Overview and Level Annotations

Branches:
Dungeon (6/15)
 Temple: D:4-7

Altars:


Innate Abilities, Weirdness & Mutations

You have very sharp teeth.
Your uncanny sense of smell can sniff out nearby items.
Your experience applies equally to all skills.


Message History

The ufetubus hits you but does no damage.
The ufetubus attacks as you move away! The ufetubus closely misses you.
The ufetubus barely misses you. x3
The ufetubus attacks as you move away! The ufetubus misses you. x2
The ufetubus barely misses you.
The ufetubus hits you but does no damage.
The orc barely misses you. The ogre misses you.
There is a stone staircase leading up here.
You hit the ogre but do no damage. The ufetubus barely misses you.
The ufetubus hits you.
You hit the ogre.
The ogre is lightly wounded.
The orc closely misses you.
The ufetubus hits you but does no damage.
The ufetubus misses you. The ogre hits you with a +0 giant club!
You hit the ogre.
The ogre is lightly wounded.
The ufetubus barely misses you. The ufetubus misses you.
The orc hits you from afar with a +0 trident.
The ufetubus hits you. The ufetubus closely misses you.
You barely miss the ogre.
The ogre is lightly wounded.
The orc hits you from afar with a +0 trident!
* * * LOW HITPOINT WARNING * * *
The ogre barely misses you.
The ufetubus hits you but does no damage.
The ufetubus hits you.
* * * LOW HITPOINT WARNING * * *
You hit the ogre.
The ogre is moderately wounded.
The ufetubus hits you.
* * * LOW HITPOINT WARNING * * *
The ufetubus closely misses you. The orc barely misses you.
The ogre barely misses you.
You hit the ogre. You bite the ogre.
The ogre is moderately wounded.
The ufetubus closely misses you. The ufetubus hits you.
* * * LOW HITPOINT WARNING * * *
The orc hits you from afar with a +0 trident.
You die...

... #.# ...
####.## #.
... #.##.###
#.#..#.#
#.#..5.#
#.##@#.#
####.#.##O#.#
.oo.....ooo.#
#####.###.###
.. $.... #.
..##.### # ##
#.. ..# #.#


You could see an ogre, 3 orcs and an ufetubus.

Vanquished Creatures
  A water moccasin (D:5)
  A hound (D:5)
2 creatures vanquished.

Notes
Turn   | Place    | Note
-------+----------+-------------------------------------------
     0 | D:5      | Reached skill level 9 in Stealth
     0 | D:5      | DocClef the Gnoll Delver began the quest for the Orb.
     0 | D:5      | Reached XP level 1. HP: 23/23 MP: 1/1
    54 | D:5      | Noticed a hound
    69 | D:5      | Killed a hound
    70 | D:5      | Reached XP level 2. HP: 22/29 MP: 2/2
    70 | D:5      | Reached XP level 3. HP: 27/35 MP: 3/3
   151 | D:5      | Noticed a water moccasin
   156 | D:5      | Killed a water moccasin
   157 | D:5      | Reached skill level 1 in Long Blades
   157 | D:5      | Reached skill level 1 in Axes
   157 | D:5      | Reached skill level 1 in Maces & Flails
   157 | D:5      | Reached skill level 1 in Polearms
   157 | D:5      | Reached skill level 1 in Staves
   157 | D:5      | Reached skill level 1 in Slings
   157 | D:5      | Reached skill level 1 in Bows
   157 | D:5      | Reached skill level 1 in Crossbows
   157 | D:5      | Reached skill level 1 in Throwing
   157 | D:5      | Reached skill level 1 in Armour
   157 | D:5      | Reached skill level 1 in Shields
   157 | D:5      | Reached skill level 1 in Unarmed Combat
   157 | D:5      | Reached skill level 1 in Spellcasting
   157 | D:5      | Reached skill level 1 in Conjurations
   157 | D:5      | Reached skill level 1 in Hexes
   157 | D:5      | Reached skill level 1 in Summonings
   157 | D:5      | Reached skill level 1 in Necromancy
   157 | D:5      | Reached skill level 1 in Translocations
   157 | D:5      | Reached skill level 1 in Transmutations
   157 | D:5      | Reached skill level 1 in Fire Magic
   157 | D:5      | Reached skill level 1 in Ice Magic
   157 | D:5      | Reached skill level 1 in Air Magic
   157 | D:5      | Reached skill level 1 in Earth Magic
   157 | D:5      | Reached skill level 1 in Poison Magic
   157 | D:5      | Reached skill level 1 in Invocations
   157 | D:5      | Reached skill level 1 in Evocations
   157 | D:5      | Reached XP level 4. HP: 41/41 MP: 3/6
   157 | D:5      | Reached XP level 5. HP: 47/47 MP: 3/7
   218 | D:6      | Noticed an ogre
   233 | D:6      | Slain by an orc

Illustrated notes

Levels and vault maps discovered:
D:5:      layout_loops_ring, minmay_temple_entry_fiery, minmay_tree_intersection
D:6:      layout_basic, nicolae_overflow_hidden_temple, st_stairs_11

Skill      XL: |  1  2  3 |
---------------+----------+-----
Stealth        | |  9.7
Long Blades    | 1 |  1.4
Axes           | 1 |  1.4
Maces & Flails | 1 |  1.4
Polearms       | 1 |  1.4
Staves         | 1 |  1.4
Slings         | 1 |  1.4
Bows           | 1 |  1.4
Crossbows      | 1 |  1.4
Throwing       | 1 |  1.4
Armour         | 1 |  1.4
Shields        | 1 |  1.4
Unarmed Combat | 1 |  1.4
Spellcasting   | 1 |  1.4
Conjurations   | 1 |  1.1
Hexes          | 1 |  1.1
Summonings     | 1 |  1.1
Necromancy     | 1 |  1.1
Translocations | 1 |  1.1
Transmutations | 1 |  1.1
Fire Magic     | 1 |  1.1
Ice Magic      | 1 |  1.1
Air Magic      | 1 |  1.1
Earth Magic    | 1 |  1.1
Poison Magic   | 1 |  1.1
Invocations    | 1 |  1.6
Evocations     | 1 |  1.4
Fighting       | |  6.7
Short Blades   | |  4.7
Dodging        | |  4.7

Action                   |  1- 3 |  4- 6 || total
-------------------------+-------+-------++-------
Melee: Short sword       |    14 |     6 ||    20
       Bite              |     1 |     1 ||     2
 Stab: Sleeping          |     1 |       ||     1
Armor: Leather armour    |     3 |     6 ||     9
Dodge: Dodged            |    11 |    25 ||    36

Table legend: (Time is in decaauts)
 A = Elapsed time spent in this place.
 B = Non-inter-level travel time spent in this place.
 C = Inter-level travel time spent in this place.
 D = Time resting spent in this place.
 E = Time spent auto-exploring this place.
 F = Levels seen in this place.
 G = Mean time per level.
                   A        B        C        D        E       F      G
               +--------+--------+--------+--------+--------+-----+--------+
         Total |    230 |    230 |      0 |      0 |    171 |   2 |  115.0 |
       Dungeon |    230 |    230 |      0 |      0 |    171 |   2 |  115.0 |
               +--------+--------+--------+--------+--------+-----+--------+

Top non-repeatable levels by time:
     D:5: 211 daAuts
     D:6: 19 daAuts
